| TOP OF THE 1ST |
|
Milwaukee Brewers batting - Pitching for Chicago Cubs : RHP Ryohei Uda
|
|
Pitching: RHP Ryohei Uda
|
|
|
Batting: RHB Akitada Nishizawa
|
0-0: Foul Ball, location: 2F 0-1: Ball 1-1: Ball 2-1: Foul Ball, location: 2F 2-2: Foul Ball, location: 2F 2-2: Ball 3-2: Fly out, F8 (Flyball, 8RXD, EV 97.5 MPH)
|
|
Batting: SHB Junzo Kato
|
0-0: Foul Ball, location: 2F 0-1: Foul Ball, location: 2F 0-2: Ball 1-2: Ground out U3 (Groundball, 3, EV 103.8 MPH)
|
|
Batting: LHB Eric Klasek
|
0-0: Foul Ball, location: 2F 0-1: Foul Ball, location: 2F 0-2: Ground out 1-3 (Groundball, 34S, EV 71.9 MPH)
|
| Top of the 1st over - 0 runs, 0 hits, 0 errors, 0 left on base; Milwaukee 0 - Chicago 0 |
| BOTTOM OF THE 1ST |
|
Chicago Cubs batting - Pitching for Milwaukee Brewers : LHP Danny Lawson
|
|
Pitching: LHP Danny Lawson
|
|
|
Batting: RHB David Casas
|
0-0: Called Strike 0-1: Ball 1-1: Ball 2-1: Ball 3-1: Foul Ball, location: 2F 3-2: Strikes out swinging, 2-3 out at first.
|
|
Batting: RHB Josh Kalman
|
0-0: Called Strike 0-1: Ball 1-1: Foul Ball, location: 2F 1-2: Foul Ball, location: 2F 1-2: Ball 2-2: Foul Ball, location: 2F 2-2: Ball 3-2: Strikes out looking
|
|
Batting: RHB Efrain Vargas
|
0-0: Called Strike 0-1: Foul Ball, location: 2F 0-2: TRIPLE (Line Drive, 9LD, EV 100.0 MPH)
|
|
Batting: LHB Kevin Norton
|
0-0: Called Strike 0-1: Ball 1-1: Swinging Strike 1-2: Strikes out swinging
|
| Bottom of the 1st over - 0 runs, 1 hit, 0 errors, 1 left on base; Milwaukee 0 - Chicago 0 |
| TOP OF THE 2ND |
|
Milwaukee Brewers batting - Pitching for Chicago Cubs : RHP Ryohei Uda
|
|
Batting: LHB Ernesto Cedillos
|
0-0: Ball 1-0: Swinging Strike 1-1: Ball 2-1: Ball 3-1: Foul Ball, location: 2F 3-2: Strikes out looking
|
|
Batting: RHB Dave Gonzalez
|
0-0: Foul Ball, location: 2F 0-1: Swinging Strike 0-2: Ball 1-2: Ball 2-2: Foul Ball, location: 2F 2-2: Fly out, F8 (Flyball, 8RD, EV 90.6 MPH)
|
|
Batting: RHB Ryan Neal
|
0-0: Swinging Strike 0-1: Called Strike 0-2: Ball 1-2: Foul Ball, location: 2F 1-2: Ball 2-2: Foul Ball, location: 2F 2-2: Strikes out swinging
|
| Top of the 2nd over - 0 runs, 0 hits, 0 errors, 0 left on base; Milwaukee 0 - Chicago 0 |
| BOTTOM OF THE 2ND |
|
Chicago Cubs batting - Pitching for Milwaukee Brewers : LHP Danny Lawson
|
|
Batting: RHB Steve Bartman Jr.
|
0-0: Ball 1-0: Swinging Strike 1-1: Swinging Strike 1-2: Ball 2-2: DOUBLE (Line Drive, 7D, EV 99.4 MPH)
|
|
Batting: RHB Xavier Davis
|
0-0: Ball 1-0: Swinging Strike 1-1: DOUBLE (Line Drive, 78D, EV 105.0 MPH) Steve Bartman Jr. scores
|
|
Batting: SHB Moe Lester
|
0-0: Foul Ball, location: 2F 0-1: Called Strike 0-2: Strikes out swinging
|
|
Batting: RHB Kanehisa Kubo
|
0-0: Ball 1-0: Fly out, F4 (Line Drive, 4, EV 63.1 MPH)
|
|
Batting: RHB Adam Kelliher
|
0-0: Ball 1-0: Swinging Strike 1-1: Foul Ball, location: 2F 1-2: Strikes out swinging
|
| Bottom of the 2nd over - 1 run, 2 hits, 0 errors, 1 left on base; Milwaukee 0 - Chicago 1 |
| TOP OF THE 3RD |
|
Milwaukee Brewers batting - Pitching for Chicago Cubs : RHP Ryohei Uda
|
|
Batting: SHB Pat Wilson
|
0-0: Called Strike 0-1: Ball 1-1: Ground out 4-3 (Groundball, 4, EV 102.5 MPH)
|
|
Batting: RHB Kisho Ito
|
0-0: Ball 1-0: Fly out, F8 (Flyball, 8LXD, EV 96.9 MPH)
|
|
Batting: RHB Colin Boddy
|
0-0: Ball 1-0: Ball 2-0: Called Strike 2-1: Ball 3-1: Called Strike 3-2: Ground out 6-3 (Groundball, 56, EV 88.1 MPH)
|
| Top of the 3rd over - 0 runs, 0 hits, 0 errors, 0 left on base; Milwaukee 0 - Chicago 1 |
| BOTTOM OF THE 3RD |
|
Chicago Cubs batting - Pitching for Milwaukee Brewers : LHP Danny Lawson
|
|
Batting: RHB David Casas
|
0-0: Called Strike 0-1: Ball 1-1: Foul Ball, location: 2F 1-2: Foul Ball, location: 2F 1-2: Ball 2-2: TRIPLE (Line Drive, 7LD, EV 108.8 MPH)
|
|
Batting: RHB Josh Kalman
|
0-0: Foul Ball, location: 2F 0-1: Ball 1-1: SINGLE (Flyball, 9LS, EV 86.2 MPH) David Casas scores
|
|
Batting: RHB Efrain Vargas
|
0-0: Ball 1-0: Called Strike 1-1: Foul Ball, location: 2F 1-2: Foul Ball, location: 2F 1-2: Ball 2-2: Foul Ball, location: 2F 2-2: 2-RUN HOME RUN (Line Drive, 7D, EV 105.6 MPH), Distance : 387 ft
|
|
Batting: LHB Kevin Norton
|
0-0: Ball 1-0: Ball 2-0: Ground out U3 (Groundball, 3, EV 106.9 MPH)
|
|
Batting: RHB Steve Bartman Jr.
|
0-0: Ball 1-0: Ball 2-0: Ball 3-0: Base on Balls
|
|
Batting: RHB Xavier Davis
|
0-0: Called Strike 0-1: Ball Steve Bartman Jr. is caught stealing 2nd base 2-4 1-1: Fly out, F7 (Flyball, 7, EV 75.0 MPH)
|
| Bottom of the 3rd over - 3 runs, 3 hits, 0 errors, 0 left on base; Milwaukee 0 - Chicago 4 |
| TOP OF THE 4TH |
|
Milwaukee Brewers batting - Pitching for Chicago Cubs : RHP Ryohei Uda
|
|
Batting: RHB Akitada Nishizawa
|
0-0: SINGLE (Flyball, 5D, EV 84.4 MPH)
|
|
Batting: SHB Junzo Kato
|
0-0: Foul Ball, location: 2F 0-1: Grounds into double play, 4-6-3 (Groundball, 4S, EV 80.6 MPH)
|
|
Batting: LHB Eric Klasek
|
0-0: Fly out, F7 (Line Drive, 78M, EV 105.6 MPH)
|
| Top of the 4th over - 0 runs, 1 hit, 0 errors, 0 left on base; Milwaukee 0 - Chicago 4 |
| BOTTOM OF THE 4TH |
|
Chicago Cubs batting - Pitching for Milwaukee Brewers : LHP Danny Lawson
|
|
Batting: SHB Moe Lester
|
0-0: Foul Ball, location: 2F 0-1: Ball 1-1: Ball 2-1: Ball 3-1: Fly out, F5 (Popup, 5SF, EV 66.2 MPH)
|
|
Batting: RHB Kanehisa Kubo
|
0-0: Called Strike 0-1: Called Strike 0-2: Ball 1-2: Ball 2-2: Ball 3-2: Base on Balls
|
|
Batting: RHB Adam Kelliher
|
0-0: Ball 1-0: Foul Ball, location: 2F 1-1: Ball 2-1: Grounds into double play, 4-6-3 (Groundball, 34, EV 80.6 MPH)
|
| Bottom of the 4th over - 0 runs, 0 hits, 0 errors, 0 left on base; Milwaukee 0 - Chicago 4 |
| TOP OF THE 5TH |
|
Milwaukee Brewers batting - Pitching for Chicago Cubs : RHP Ryohei Uda
|
|
Batting: LHB Ernesto Cedillos
|
0-0: Called Strike 0-1: Called Strike 0-2: Ball 1-2: Foul Ball, location: 2F 1-2: Ground out 4-3 (Groundball, 4D, EV 101.2 MPH)
|
|
Batting: RHB Dave Gonzalez
|
0-0: Ball 1-0: Called Strike 1-1: Called Strike 1-2: Ground out 6-3 (Groundball, 6, EV 83.8 MPH)
|
|
Batting: RHB Ryan Neal
|
0-0: Ball 1-0: SOLO HOME RUN (Flyball, 7D, EV 102.5 MPH), Distance : 417 ft
|
|
Batting: SHB Pat Wilson
|
0-0: Called Strike 0-1: Ball 1-1: Ball 2-1: Swinging Strike 2-2: Fly out, F8 (Flyball, 78D, EV 80.0 MPH)
|
| Top of the 5th over - 1 run, 1 hit, 0 errors, 0 left on base; Milwaukee 1 - Chicago 4 |
| BOTTOM OF THE 5TH |
|
Chicago Cubs batting - Pitching for Milwaukee Brewers : LHP Danny Lawson
|
|
Batting: RHB David Casas
|
0-0: Foul Ball, location: 2F 0-1: Foul Ball, location: 2F 0-2: Foul Ball, location: 2F 0-2: Ball 1-2: Foul Ball, location: 2F 1-2: Foul Ball, location: 2F 1-2: Ground out 6-3 (Groundball, 56, EV 81.2 MPH)
|
|
Batting: RHB Josh Kalman
|
0-0: Ball 1-0: Ball 2-0: SINGLE (Flyball, 8LS, EV 98.8 MPH)
|
|
Batting: RHB Efrain Vargas
|
0-0: Called Strike 0-1: Ball 1-1: Ball 2-1: Called Strike 2-2: SINGLE (Line Drive, 89M, EV 88.1 MPH) Josh Kalman to second Runner from 2nd tries for 3rd, SAFE, throw by CF made to third
|
|
Batting: LHB Kevin Norton
|
0-0: Ball 1-0: Ball 2-0: Ball 3-0: Fly out, F7 (Flyball, 7LM, EV 96.9 MPH) Runner from 3rd tags up, SCORES, no throw by LF
|
|
Pitching: LHP Lewis Thorpe Jr.
|
|
|
Batting: RHB Steve Bartman Jr.
|
0-0: Ball 1-0: Ball 2-0: Foul Ball, location: 2F 2-1: Ball 3-1: Foul Ball, location: 2F 3-2: Ground out 5-3 (Groundball, 5L, EV 85.6 MPH)
|
| Bottom of the 5th over - 1 run, 2 hits, 0 errors, 1 left on base; Milwaukee 1 - Chicago 5 |
| TOP OF THE 6TH |
|
Milwaukee Brewers batting - Pitching for Chicago Cubs : RHP Ryohei Uda
|
|
Batting: RHB Kisho Ito
|
0-0: Called Strike 0-1: Ball 1-1: Ground out 4-3 (Groundball, 4MD, EV 83.8 MPH)
|
|
Batting: RHB Colin Boddy
|
0-0: Ground out 5-3 (Groundball, 56, EV 91.2 MPH)
|
|
Batting: RHB Akitada Nishizawa
|
0-0: Ball 1-0: Called Strike 1-1: Called Strike 1-2: Foul Ball, location: 2F 1-2: Foul Ball, location: 2F 1-2: Fly out, F8 (Flyball, 8RD, EV 95.6 MPH)
|
| Top of the 6th over - 0 runs, 0 hits, 0 errors, 0 left on base; Milwaukee 1 - Chicago 5 |
| BOTTOM OF THE 6TH |
|
Chicago Cubs batting - Pitching for Milwaukee Brewers : LHP Lewis Thorpe Jr.
|
|
Batting: RHB Xavier Davis
|
0-0: Ball 1-0: Called Strike 1-1: Swinging Strike 1-2: Ball 2-2: Strikes out looking
|
|
Batting: SHB Moe Lester
|
0-0: Called Strike 0-1: Ball 1-1: Called Strike 1-2: Ball 2-2: Ball 3-2: Fly out, F8 (Flyball, 8LD, EV 101.9 MPH)
|
|
Batting: RHB Kanehisa Kubo
|
0-0: Ball 1-0: Ball 2-0: Called Strike 2-1: Foul Ball, location: 2F 2-2: Strikes out looking
|
| Bottom of the 6th over - 0 runs, 0 hits, 0 errors, 0 left on base; Milwaukee 1 - Chicago 5 |
| TOP OF THE 7TH |
|
Milwaukee Brewers batting - Pitching for Chicago Cubs : RHP Ryohei Uda
|
|
Batting: SHB Junzo Kato
|
0-0: Hit by Pitch
|
|
Batting: LHB Eric Klasek
|
0-0: Ball 1-0: Ball 2-0: Called Strike 2-1: Ball 3-1: Called Strike 3-2: Foul Ball, location: 2F 3-2: Base on Balls Junzo Kato to second
|
|
Batting: LHB Ernesto Cedillos
|
0-0: Swinging Strike 0-1: Foul Ball, location: 2F 0-2: Foul Ball, location: 2F 0-2: Foul Ball, location: 2F 0-2: Ball 1-2: Strikes out swinging
|
|
Batting: RHB Dave Gonzalez
|
0-0: Fly out, F8 (Flyball, 8LM, EV 98.1 MPH)
|
|
Batting: RHB Ryan Neal
|
0-0: Foul Ball, location: 2F 0-1: Called Strike 0-2: Fly out, F7 (Flyball, 7S, EV 93.8 MPH)
|
| Top of the 7th over - 0 runs, 0 hits, 0 errors, 2 left on base; Milwaukee 1 - Chicago 5 |
| BOTTOM OF THE 7TH |
|
Chicago Cubs batting - Pitching for Milwaukee Brewers : LHP Lewis Thorpe Jr.
|
|
Batting: RHB Adam Kelliher
|
0-0: Ball 1-0: Foul Ball, location: 2F 1-1: Ground out 6-3 (Groundball, P, EV 90.6 MPH)
|
|
Batting: RHB David Casas
|
0-0: Called Strike 0-1: Swinging Strike 0-2: Strikes out swinging
|
|
Batting: RHB Josh Kalman
|
0-0: Called Strike 0-1: Ball 1-1: Ball 2-1: Foul Ball, location: 2F 2-2: Strikes out swinging
|
| Bottom of the 7th over - 0 runs, 0 hits, 0 errors, 0 left on base; Milwaukee 1 - Chicago 5 |
| TOP OF THE 8TH |
|
Milwaukee Brewers batting - Pitching for Chicago Cubs : RHP Ryohei Uda
|
|
Batting: SHB Pat Wilson
|
0-0: Ball 1-0: Called Strike 1-1: Foul Ball, location: 2F 1-2: Strikes out looking
|
|
Batting: RHB Kisho Ito
|
0-0: Ball 1-0: SINGLE (Groundball, 4D, EV 104.4 MPH)
|
|
Batting: RHB Colin Boddy
|
0-0: Foul Ball, location: 2F 0-1: Ball 1-1: Ground out 4-3 (Groundball, 34, EV 107.5 MPH) Kisho Ito to second
|
|
Pitching: RHP Eric Oakes
|
|
|
Batting: RHB Akitada Nishizawa
|
0-0: Ball 1-0: Ball 2-0: Called Strike 2-1: Ball 3-1: Base on Balls
|
|
Batting: SHB Junzo Kato
|
0-0: Ball 1-0: Called Strike 1-1: Fly out, F8 (Line Drive, 8LD, EV 92.5 MPH)
|
| Top of the 8th over - 0 runs, 1 hit, 0 errors, 2 left on base; Milwaukee 1 - Chicago 5 |
| BOTTOM OF THE 8TH |
|
Chicago Cubs batting - Pitching for Milwaukee Brewers : LHP Lewis Thorpe Jr.
|
|
Batting: RHB Efrain Vargas
|
0-0: Ball 1-0: Ground out 6-3 (Groundball, 6, EV 83.8 MPH)
|
|
Batting: LHB Kevin Norton
|
0-0: Fly out, F9 (Flyball, 9D, EV 95.0 MPH)
|
|
Batting: RHB Steve Bartman Jr.
|
0-0: Foul Ball, location: 2F 0-1: Called Strike 0-2: Ball 1-2: Foul Ball, location: 2F 1-2: Ball 2-2: Foul Ball, location: 2F 2-2: Foul Ball, location: 2F 2-2: Ball 3-2: SOLO HOME RUN (Flyball, 78XD, EV 104.4 MPH), Distance : 406 ft
|
|
Batting: RHB Xavier Davis
|
0-0: Called Strike 0-1: Swinging Strike 0-2: Foul Ball, location: 2F 0-2: Strikes out looking
|
| Bottom of the 8th over - 1 run, 1 hit, 0 errors, 0 left on base; Milwaukee 1 - Chicago 6 |
| TOP OF THE 9TH |
|
Milwaukee Brewers batting - Pitching for Chicago Cubs : RHP Eric Oakes
|
|
Batting: LHB Eric Klasek
|
0-0: Ball 1-0: Fly out, F2 (Popup, 23F, EV 76.9 MPH)
|
|
Batting: LHB Ernesto Cedillos
|
0-0: Ball 1-0: Ball 2-0: Ground out 4-3 (Groundball, 4D, EV 88.8 MPH)
|
|
Batting: RHB Dave Gonzalez
|
0-0: Ball 1-0: Ball 2-0: Called Strike 2-1: Ball 3-1: Called Strike 3-2: DOUBLE (Line Drive, 7LS, EV 106.9 MPH)
|
|
Batting: RHB Ryan Neal
|
0-0: Called Strike 0-1: Foul Ball, location: 2F 0-2: Ball 1-2: Ball 2-2: Ball 3-2: Base on Balls
|
|
Batting: SHB Pat Wilson
|
0-0: Called Strike 0-1: Foul Ball, location: 2F 0-2: Ball 1-2: Foul Ball, location: 2F 1-2: Foul Ball, location: 2F 1-2: Foul Ball, location: 2F 1-2: Foul Ball, location: 2F 1-2: Ball 2-2: Foul Ball, location: 2F 2-2: Strikes out swinging
|
| Top of the 9th over - 0 runs, 1 hit, 0 errors, 2 left on base; Milwaukee 1 - Chicago 6 |
|